[Event "Titled Tuesday Blitz January 31 Late 2023"]
[White "Osmonbekov, Talaibek"]
[Black "Blomqvist, Erik"]
[WhiteFideId "2017253"]
[BlackFideId "1709437"]
[WhiteElo "2137"]
[BlackElo "2523"]
[Result "0-1"]
[Round "01"]
[TimeControl "180+2"]
[Date "2023.01.31"]
[WhiteClock "0:00:02"]
[BlackClock "0:00:13"]

1. d4 d5 2. Bf4 c5 3. e3 Nc6 4. Nc3 cxd4 5. exd4 a6 6. Be2 Nf6 7. Nf3 Bg4 8. O-O e6 9. Ne5 Bxe2 10. Nxe2 Nxe5 11. dxe5 Ne4 12. Ng3 Nc5 13. Qg4 g6 14. Rad1 h5 15. Qf3 h4 16. Ne2 Qb6 17. Bg5 Ne4 18. Bf6 Rh5 19. c4 Rf5 20. Qe3 Qxe3 21. fxe3 Bc5 22. Rxf5 Bxe3+ 23. Kf1 gxf5 24. cxd5 Rc8 25. d6 Kd7 26. Bxh4 Rc2 27. Be1 Rxb2 28. h4 Rxa2 29. Rb1 b5 30. Rb3 Bh6 31. Nc3 Nc5 32. Rxb5 axb5 33. Nxa2 Nd3 34. Bc3 Bg7 0-1


[Site "https://www.chess.com"]

[Event "Titled Tuesday Blitz January 31 Late 2023"]
[White "Lymar, Vladislav"]
[Black "Wang, Alexander J"]
[WhiteFideId "14162180"]
[BlackFideId "30955270"]
[WhiteElo "2119"]
[BlackElo "1815"]
[Result "1-0"]
[Round "01"]
[TimeControl "180+2"]
[Date "2023.01.31"]
[WhiteClock "0:00:47"]
[BlackClock "0:00:09"]

1. e4 c5 2. Nf3 d6 3. g3 Nf6 4. Nc3 g6 5. Bg2 Bg7 6. O-O O-O 7. d3 Nc6 8. h3 a6 9. a4 Rb8 10. Be3 b5 11. axb5 axb5 12. Qd2 b4 13. Ne2 Bb7 14. Bh6 Ra8 15. Nh2 Rxa1 16. Rxa1 Qb6 17. Ng4 Ra8 18. Rxa8+ Bxa8 19. Bxg7 Kxg7 20. Nxf6 exf6 21. Nf4 Nd4 22. c3 bxc3 23. bxc3 Qb1+ 24. Kh2 Ne6 25. Ne2 c4 26. Nc1 cxd3 27. Nxd3 Nc5 28. Nxc5 dxc5 29. Qe3 Qc2 30. Qxc5 Bxe4 31. Bxe4 Qxe4 32. c4 Qc2 33. Qd4 Qe2 34. c5 Qc2 35. Kg2 Qa4 36. Qxa4 1-0


[Site "https://www.chess.com"]

[Event "Titled Tuesday Blitz January 31 Late 2023"]
[White "Fajdetic, Hrvoje"]
[Black "Crevatin, Leo"]
[WhiteFideId "14501945"]
[BlackFideId "1726307"]
[WhiteElo "2151"]
[BlackElo "2292"]
[Result "0-1"]
[Round "01"]
[TimeControl "180+2"]
[Date "2023.01.31"]
[WhiteClock "0:00:09"]
[BlackClock "0:00:34"]

1. d4 Nf6 2. Bf4 d5 3. e3 g6 4. Nc3 Bg7 5. h4 h5 6. Nf3 O-O 7. Ne5 c5 8. Be2 Nc6 9. g4 cxd4 10. exd4 hxg4 11. Nxg4 Nxg4 12. Bxg4 Nxd4 13. Bxc8 Rxc8 14. h5 e5 15. Bd2 e4 16. Be3 Nf3+ 17. Kf1 Bxc3 18. bxc3 Rxc3 19. hxg6 d4 20. Bd2 Rc6 21. Bb4 Re8 22. gxf7+ Kxf7 23. Rh7+ Kg8 24. Rxb7 Qh4 25. c3 Qh3+ 26. Ke2 d3+ 27. Ke3 Qh6# 0-1


[Site "https://www.chess.com"]

[Event "Titled Tuesday Blitz January 31 Late 2023"]
[White "Floresvillar Gonzalez, Luis Migu"]
[Black "Aggelis, Nikolaos"]
[WhiteFideId "5100542"]
[BlackFideId "4213220"]
[WhiteElo "2043"]
[BlackElo "2270"]
[Result "0-1"]
[Round "01"]
[TimeControl "180+2"]
[Date "2023.01.31"]
[WhiteClock "0:00:10"]
[BlackClock "0:01:19"]

1. d4 b6 2. c3 Bb7 3. Bg5 f6 4. Bh4 Nh6 5. e3 Nf5 6. Bg3 h5 7. Be2 g6 8. Nf3 h4 9. Bf4 h3 10. g4 Nh4 11. Nxh4 Bxh1 12. Nxg6 Rg8 13. Bd3 Bd5 14. g5 fxg5 15. Bxg5 Bf7 16. Nxf8 Rxf8 17. Qg4 d5 18. Qxh3 Qd7 19. Qh4 Nc6 20. Na3 a6 21. O-O-O Qe6 22. Nc2 Bg6 23. f4 Bxd3 24. Rxd3 O-O-O 25. Rd2 Rh8 26. Qg3 Qe4 27. h4 Rdg8 28. Ne1 Na5 29. Nf3 Nc4 30. Rd1 Qxe3+ 31. Kb1 Qe2 32. Rc1 Qxb2# 0-1


[Site "https://www.chess.com"]

[Event "Titled Tuesday Blitz January 31 Late 2023"]
[White "Kavutskiy, Konstantin"]
[Black "Corredor Castellanos, Camilo"]
[WhiteFideId "2026384"]
[BlackFideId "4425871"]
[WhiteElo "2414"]
[BlackElo "1957"]
[Result "1-0"]
[Round "01"]
[TimeControl "180+2"]
[Date "2023.01.31"]
[WhiteClock "0:01:23"]
[BlackClock "0:00:21"]

1. d4 Nf6 2. c4 g6 3. Nc3 Bg7 4. e4 d6 5. h3 O-O 6. Be3 e5 7. d5 a5 8. g4 Na6 9. Nge2 Nc5 10. Ng3 Qe7 11. Qd2 c6 12. f3 Rd8 13. h4 b5 14. dxc6 b4 15. Nd5 Nxd5 16. cxd5 Ba6 17. Bxc5 dxc5 18. Bxa6 Rxa6 19. O-O Qxh4 20. Qh2 Qe7 21. Qe2 Ra7 22. Rfd1 Bh6 23. Nf1 Bf4 24. a3 h5 25. Qg2 hxg4 26. Qxg4 Kg7 27. Kf2 Rh8 28. d6 Qd8 29. c7 Qa8 30. Ng3 Rh2+ 31. Kg1 Bxg3 32. Qxg3 Qh8 33. Qxh2 1-0


[Site "https://www.chess.com"]

[Event "Titled Tuesday Blitz January 31 Late 2023"]
[White "Korchmar, Vasiliy"]
[Black "Zampronha, Wladimir Camilo"]
[WhiteFideId "24131750"]
[BlackFideId "2103087"]
[WhiteElo "2438"]
[BlackElo "2176"]
[Result "1-0"]
[Round "01"]
[TimeControl "180+2"]
[Date "2023.01.31"]
[WhiteClock "0:01:12"]
[BlackClock "0:00:58"]

1. e4 c5 2. Nf3 e6 3. g3 Nc6 4. Bg2 d6 5. O-O Nf6 6. Re1 Be7 7. c3 O-O 8. d4 cxd4 9. cxd4 d5 10. e5 Ne4 11. Nbd2 Nxd2 12. Bxd2 Bd7 13. h4 Qb6 14. Bc3 f5 15. exf6 Bxf6 16. Qd2 Rae8 17. Re2 Ne7 18. a4 Nf5 19. Ne5 Qd8 20. b3 a6 21. Rae1 Qc7 22. Ba5 b6 23. Bxb6 Qxb6 24. Nxd7 Qxd4 25. Nxf8 Qxd2 26. Rxd2 Bc3 27. Rxe6 Kxf8 28. Rxe8+ Kxe8 29. Rxd5 1-0


[Site "https://www.chess.com"]

[Event "Titled Tuesday Blitz January 31 Late 2023"]
[White "Ferriz Barrios, Andres"]
[Black "Atanasov, Anthony"]
[WhiteFideId "5104467"]
[BlackFideId "2623897"]
[WhiteElo "2102"]
[BlackElo "2368"]
[Result "0-1"]
[Round "01"]
[TimeControl "180+2"]
[Date "2023.01.31"]
[WhiteClock "0:01:56"]
[BlackClock "0:00:50"]

1. d4 Nf6 2. Nf3 g6 3. Nc3 d5 4. Bf4 Bg7 5. Qd2 Ne4 6. Nxe4 dxe4 7. Ne5 Nd7 8. O-O-O Nxe5 9. dxe5 Qxd2+ 10. Rxd2 Be6 11. b3 g5 12. Bg3 h5 13. h3 h4 14. Bh2 a5 15. e3 c6 16. a4 Rd8 17. Rxd8+ Kxd8 18. Be2 Kc7 19. Rd1 Kb6 20. f4 gxf4 21. exf4 Bh6 22. Bg1+ Kc7 23. Be3 Rg8 24. Rg1 Rg3 25. Kd2 f6 26. exf6 exf6 27. Bh5 Bf8 28. Ke2 Rxe3+ 29. Kxe3 Bc5+ 30. Kxe4 Bxg1 31. f5 Bd5+ 0-1


[Site "https://www.chess.com"]

[Event "Titled Tuesday Blitz January 31 Late 2023"]
[White "Tinmaz, Kerem"]
[Black "Diaz Perez, Michel Alejandro"]
[WhiteFideId "44559151"]
[BlackFideId "3517179"]
[WhiteElo "2177"]
[BlackElo "2414"]
[Result "0-1"]
[Round "01"]
[TimeControl "180+2"]
[Date "2023.01.31"]
[WhiteClock "0:00:03"]
[BlackClock "0:01:30"]

1. e4 c6 2. Nf3 d5 3. d3 dxe4 4. dxe4 Qxd1+ 5. Kxd1 Nf6 6. Nbd2 Bg4 7. Be2 e6 8. h3 Bh5 9. Ne1 Bxe2+ 10. Kxe2 Nbd7 11. Nd3 Nc5 12. Nxc5 Bxc5 13. f3 Nh5 14. Nf1 O-O-O 15. Be3 Bxe3 16. Kxe3 e5 17. Nd2 Nf4 18. g3 Nh5 19. Rhg1 Rd4 20. Nb3 Rd6 21. Nc5 Rhd8 22. Nd3 f6 23. g4 Nf4 24. Nxf4 exf4+ 25. Kxf4 Rd2 26. Rac1 Rh2 27. Rh1 Rf2 28. Rhf1 Rfd2 29. Ke3 Kc7 30. Rfe1 Rh2 31. Rh1 Rdd2 32. Rxh2 Rxh2 33. b3 Kd6 34. a3 Rxh3 35. Rd1+ Ke7 36. Rd2 Rh1 37. Kd3 Rf1 38. Ke3 b5 39. Rh2 h6 40. Rd2 Ra1 41. a4 bxa4 42. bxa4 Rxa4 43. Rd3 a5 44. Rc3 Kd6 45. Rd3+ Kc7 46. Kf4 Rc4 47. c3 Rc5 48. Ke3 a4 49. Kd4 Ra5 50. Rd2 a3 51. Ra2 Kd6 52. c4 c5+ 53. Kc3 Ke5 54. Kb3 Kf4 55. Rd2 a2 56. Rxa2 Rxa2 57. Kxa2 Kxf3 0-1


[Site "https://www.chess.com"]

[Event "Titled Tuesday Blitz January 31 Late 2023"]
[White "Aldokhin, Ivan"]
[Black "Chabris, Christopher"]
[WhiteFideId "24115720"]
[BlackFideId "2005263"]
[WhiteElo "2413"]
[BlackElo "2053"]
[Result "1-0"]
[Round "01"]
[TimeControl "180+2"]
[Date "2023.01.31"]
[WhiteClock "0:00:06"]
[BlackClock "0:00:10"]

1. e4 c5 2. Nf3 d6 3. d4 cxd4 4. Nxd4 Nf6 5. Nc3 a6 6. Bc4 e6 7. Bb3 Nbd7 8. O-O Nc5 9. Re1 Be7 10. Qf3 O-O 11. Qg3 Kh8 12. Bg5 Qc7 13. Qh4 Ng8 14. Rad1 Bxg5 15. Qxg5 f6 16. Qh4 Nxb3 17. axb3 b5 18. b4 Bd7 19. f4 Qb6 20. Kh1 Rae8 21. f5 exf5 22. exf5 Re5 23. Nf3 Rxf5 24. Nd5 Qb7 25. Ne3 Rxf3 26. gxf3 Qxf3+ 27. Kg1 Bc6 28. Qg3 Qe4 29. Nd5 Qxc2 30. Rc1 Qf5 31. Rxc6 Qxd5 32. Qxd6 Qxd6 33. Rxd6 Nh6 34. Rxa6 f5 35. Rb6 g5 36. Rxh6 f4 37. Rb6 f3 38. Kf2 h5 39. Rxb5 Rc8 40. Rxg5 Rc2+ 41. Kxf3 Rxh2 42. Ree5 Rh3+ 43. Kf4 Rh4+ 44. Kf5 Rxb4 45. Kg6 Rb6+ 46. Kxh5 Rxb2 47. Re8+ Kh7 48. Re7+ Kh8 49. Re4 Rh2+ 50. Rh4 Rg2 51. Rxg2 1-0


[Site "https://www.chess.com"]

[Event "Titled Tuesday Blitz January 31 Late 2023"]
[White "Torres Dominguez, David"]
[Black "Skvortsov, Andrei"]
[WhiteFideId "2220857"]
[BlackFideId "24108600"]
[WhiteElo "1994"]
[BlackElo "2313"]
[Result "0-1"]
[Round "01"]
[TimeControl "180+2"]
[Date "2023.01.31"]
[WhiteClock "0:00:01"]
[BlackClock "0:01:27"]

1. e4 d5 2. d3 Nf6 3. e5 Nfd7 4. f4 c5 5. Nf3 Nc6 6. c4 d4 7. Na3 e6 8. Be2 Rb8 9. Nc2 f6 10. O-O fxe5 11. Ng5 Nf6 12. fxe5 Nxe5 13. Bh5+ g6 14. Qe2 Bd6 15. Bf4 Qc7 16. Rae1 O-O 17. Bxe5 Bxe5 18. Qxe5 Qxe5 19. Rxe5 Nxh5 20. Rxf8+ Kxf8 21. Rxc5 Bd7 22. Re5 Nf4 23. Nxd4 Ke7 24. Ndxe6 Nxe6 25. Nxe6 Bxe6 26. b3 Rd8 27. Re3 Kf6 28. Kf2 Bf5 29. Ke2 h5 30. g3 b6 31. a3 Rd4 32. b4 a5 33. b5 Bg4+ 0-1


[Site "https://www.chess.com"]

[Event "Titled Tuesday Blitz January 31 Late 2023"]
[White "Araujo, Everson De Moura"]
[Black "Janaszak, Dawid"]
[WhiteFideId "22737197"]
[BlackFideId "1119206"]
[WhiteElo "1944"]
[BlackElo "2316"]
[Result "0-1"]
[Round "01"]
[TimeControl "180+2"]
[Date "2023.01.31"]
[WhiteClock "0:01:54"]
[BlackClock "0:01:48"]

1. c4 e6 2. Nf3 d5 3. e3 Nf6 4. b3 c5 5. cxd5 exd5 6. Bb2 Nc6 7. d4 cxd4 8. Nxd4 Bb4+ 9. Nc3 Ne4 10. Qc2 Qa5 11. Rc1 Qxa2 12. Bb5 O-O 13. Nxc6 bxc6 14. Bxc6 Ba6 15. Bxd5 Nxc3 16. Bxc3 Bxc3+ 0-1


[Site "https://www.chess.com"]

[Event "Titled Tuesday Blitz January 31 Late 2023"]
[White "Djokic, Mihailo"]
[Black "Phillips, Rene"]
[WhiteFideId "976440"]
[BlackFideId "2056275"]
[WhiteElo "2192"]
[BlackElo "1852"]
[Result "1-0"]
[Round "01"]
[TimeControl "180+2"]
[Date "2023.01.31"]
[WhiteClock "0:00:19"]
[BlackClock "0:00:28"]

1. e4 Nc6 2. Nc3 Nf6 3. d4 d5 4. e5 Nd7 5. Nxd5 Ndb8 6. Ne3 Qxd4 7. Qxd4 Nxd4 8. c3 Nf5 9. Bd3 Nxe3 10. Bxe3 Nc6 11. f4 e6 12. Ne2 Bd7 13. O-O-O O-O-O 14. Be4 Be7 15. Rd2 Na5 16. b3 Bc6 17. Bxc6 Nxc6 18. Rhd1 Rxd2 19. Rxd2 Rd8 20. Rxd8+ Kxd8 21. Kc2 a6 22. Kd3 g6 23. g4 Kd7 24. Ke4 Bh4 25. f5 Be7 26. f6 Ba3 27. Nf4 Bb2 28. Bd2 Ba3 29. Nh3 Bf8 30. Be3 h6 31. Nf2 Nd8 32. Nd3 b6 33. h4 Nc6 34. h5 g5 35. Nb2 b5 36. Nd1 Nd8 37. Nf2 Nc6 38. Nd3 Na5 39. Bc5 Ke8 40. Bxf8 Kxf8 41. Nc5 Nc6 42. Nxa6 Ke8 43. Nxc7+ Kd7 44. Nxb5 1-0


[Site "https://www.chess.com"]

[Event "Titled Tuesday Blitz January 31 Late 2023"]
[White "Ardila, Oscar Humberto"]
[Black "Denishev, Marat"]
[WhiteFideId "4404742"]
[BlackFideId "24131563"]
[WhiteElo "1982"]
[BlackElo "2255"]
[Result "0-1"]
[Round "01"]
[TimeControl "180+2"]
[Date "2023.01.31"]
[WhiteClock "0:00:16"]
[BlackClock "0:01:20"]

1. d4 Nf6 2. Nf3 e6 3. g3 d5 4. Bg2 Be7 5. O-O O-O 6. b3 b6 7. Bb2 Bb7 8. Nbd2 c5 9. Ne5 Nc6 10. Nxc6 Bxc6 11. e3 Rc8 12. Rc1 Qd7 13. Re1 Rfd8 14. c3 Qb7 15. a4 a5 16. h3 h6 17. Qc2 Rc7 18. Qb1 Rdc8 19. Qa1 Bd6 20. Ba3 e5 21. Nf3 e4 22. Nd2 Bf8 23. Bb2 Bd7 24. c4 dxc4 25. Nxc4 cxd4 26. Bxd4 Nd5 27. Bxe4 Bc6 28. Bg2 f6 29. Bxd5+ Bxd5 30. Nxb6 Bh1 31. e4 Rxc1 32. Rxc1 Rxc1+ 33. Qxc1 Qxe4 34. Qc4+ Kh8 35. Kf1 Bg2+ 36. Kg1 Bxh3 37. f3 Qxf3 38. Qc2 Qxg3+ 39. Kh1 Bg4 40. Qf2 Bf3+ 0-1


[Site "https://www.chess.com"]

[Event "Titled Tuesday Blitz January 31 Late 2023"]
[White "Lizak, Peter"]
[Black "Andreassen, Lars"]
[WhiteFideId "731595"]
[BlackFideId "1504878"]
[WhiteElo "2411"]
[BlackElo "2168"]
[Result "1-0"]
[Round "01"]
[TimeControl "180+2"]
[Date "2023.01.31"]
[WhiteClock "0:02:01"]
[BlackClock "0:01:47"]

1. d4 d5 2. Bf4 e6 3. e3 c5 4. Nf3 Nc6 5. Nbd2 Bd6 6. Bg3 Nf6 7. c3 h6 8. Bd3 Bxg3 9. hxg3 b6 10. Qe2 Bb7 11. O-O-O Rc8 12. dxc5 bxc5 13. e4 d4 14. e5 Nd5 15. Nc4 O-O 16. Qe4 f5 17. exf6 Nxf6 18. Qxe6+ Kh8 19. Nh4 Ne7 20. Qxe7 Qxe7 21. Ng6+ Kg8 22. Nxe7+ Kf7 23. Nxc8 Rxc8 24. Nd6+ 1-0


[Site "https://www.chess.com"]

[Event "Titled Tuesday Blitz January 31 Late 2023"]
[White "Kohler, Aran"]
[Black "Machidon, Cristi"]
[WhiteFideId "1002856"]
[BlackFideId "13904590"]
[WhiteElo "2010"]
[BlackElo "2301"]
[Result "1-0"]
[Round "01"]
[TimeControl "180+2"]
[Date "2023.01.31"]
[WhiteClock "0:00:06"]
[BlackClock "0:00:06"]

1. Nf3 d5 2. d4 e6 3. Bf4 Bd6 4. Bg3 Nf6 5. e3 c5 6. c3 Qc7 7. Nbd2 Nbd7 8. Bb5 O-O 9. Bh4 Ne4 10. Nxe4 dxe4 11. Nd2 f5 12. Bg3 Nf6 13. Bxd6 Qxd6 14. Be2 cxd4 15. cxd4 Bd7 16. O-O Rac8 17. Nc4 Qd5 18. Ne5 Bb5 19. Bxb5 Qxb5 20. Qb3 Qxb3 21. axb3 a6 22. Rfc1 Nd5 23. h3 Rfd8 24. Rc4 Rc7 25. Rac1 Rdc8 26. g4 Kf8 27. Kg2 Ke7 28. gxf5 exf5 29. h4 Ke6 30. Kg3 g6 31. Ra1 Kd6 32. Ra5 Nb6 33. Rxc7 Rxc7 34. Ra1 Rc2 35. Rb1 Nd5 36. Nc4+ Ke6 37. Na3 Re2 38. Kg2 Nxe3+ 39. Kg1 Ng4 40. Rc1 Rxf2 41. Rc7 Rxb2 42. Rxb7 f4 43. Nc4 Rb1+ 44. Kg2 f3+ 45. Kg3 f2 46. Nd2 f1=Q 47. Nxf1 Rxf1 48. Kxg4 Kd5 49. Rxh7 e3 50. Rd7+ Ke4 51. d5 e2 52. Re7+ Kd3 53. d6 Rf6 54. d7 Rd6 55. Kf3 Rf6+ 56. Kg2 Rd6 57. Kf2 Rf6+ 58. Kg2 Rf8 59. Re8 e1=Q 60. Rxe1 Rd8 61. Re7 Kc3 62. Re3+ Kb4 63. Rd3 a5 64. Kg3 a4 65. bxa4 Kxa4 66. Kg4 Kb5 67. Kg5 Kc6 68. Kxg6 Rh8 69. h5 1-0


[Site "https://www.chess.com"]

[Event "Titled Tuesday Blitz January 31 Late 2023"]
[White "Tarnowska, Aleksandra"]
[Black "Szabo, Marcell"]
[WhiteFideId "1180967"]
[BlackFideId "2072033"]
[WhiteElo "1835"]
[BlackElo "1895"]
[Result "0-1"]
[Round "01"]
[TimeControl "180+2"]
[Date "2023.01.31"]
[WhiteClock "0:00:01"]
[BlackClock "0:01:56"]

1. e4 c6 2. d4 d5 3. Nc3 dxe4 4. Nxe4 Nf6 5. Nxf6+ exf6 6. Be3 Bd6 7. Qd2 Be6 8. Bd3 Nd7 9. Ne2 Nb6 10. O-O Qc7 11. Bf4 Bxf4 12. Nxf4 O-O-O 13. c3 g5 14. Ne2 c5 15. Qe3 c4 16. Bc2 Nd5 17. Qg3 h5 18. Qxc7+ Kxc7 19. Ng3 Nf4 20. Rfe1 h4 21. Ne4 Bf5 22. Rac1 Rhe8 23. f3 g4 24. Kf1 h3 25. g3 Ng2 26. fxg4 Nxe1 27. Rxe1 Bg6 28. Bb1 Re6 29. Nd2 Rxe1+ 30. Kxe1 Re8+ 31. Kf2 Bd3 32. Bxd3 cxd3 33. Nf3 Re2+ 34. Kf1 Rxb2 35. Ne1 d2 36. Ke2 d1=Q+ 37. Kxd1 Rxh2 0-1


[Site "https://www.chess.com"]

[Event "Titled Tuesday Blitz January 31 Late 2023"]
[White "Richterova, Natasa"]
[Black "Sztokbant, Bernardo Vainzoff"]
[WhiteFideId "350591"]
[BlackFideId "2115956"]
[WhiteElo "2191"]
[BlackElo "2213"]
[Result "1-0"]
[Round "01"]
[TimeControl "180+2"]
[Date "2023.01.31"]
[WhiteClock "0:00:13"]
[BlackClock "0:00:02"]

1. e4 c5 2. Nf3 Nc6 3. Bb5 e6 4. Bxc6 bxc6 5. O-O d6 6. Re1 e5 7. h3 g6 8. c3 Bg7 9. d4 cxd4 10. cxd4 Qc7 11. dxe5 dxe5 12. Qc2 Ne7 13. Be3 O-O 14. Bc5 Rd8 15. Na3 Rb8 16. b3 Ba6 17. Nc4 Nc8 18. Rac1 Nb6 19. Nb2 Bh6 20. Be3 Bxe3 21. Rxe3 Qe7 22. Qc3 Nd7 23. Ree1 c5 24. Qa5 Qf6 25. Na4 Bb5 26. Nxc5 Nxc5 27. Rxc5 a6 28. Qc3 Rd3 29. Qxe5 Qxe5 30. Nxe5 Rd2 31. a4 Be8 32. Rc3 Rb2 33. Ree3 Kg7 34. Nc4 Rb1+ 35. Kh2 Rd8 36. Red3 Rxd3 37. Rxd3 h5 38. Kg3 Kf6 39. h4 Ke7 40. f3 Bd7 41. Ne5 Be6 42. Nc6+ Kf6 43. Nd4 Rb2 44. Nxe6 Kxe6 45. Rc3 Kd6 46. f4 a5 47. Kf3 f6 48. g4 hxg4+ 49. Kxg4 Rg2+ 50. Kf3 Rh2 51. Kg3 Rb2 52. Kh3 Re2 53. Rd3+ Kc5 54. Rd5+ Kb6 55. e5 Re3+ 56. Kg4 fxe5 57. Rxe5 Rxb3 58. Kg5 Rg3+ 59. Kh6 Rg4 60. h5 gxh5 61. Re4 h4 62. Kh5 Rg3 63. Kxh4 Ra3 64. f5 Kc5 65. f6 Rf3 66. Kg5 Kd5 67. Rf4 Rg3+ 68. Kf5 Ra3 69. f7 1-0


[Site "https://www.chess.com"]

[Event "Titled Tuesday Blitz January 31 Late 2023"]
[White "Martynov, Pavel"]
[Black "Antonio, Jorge Carlos"]
[WhiteFideId "4101260"]
[BlackFideId "113190"]
[WhiteElo "2414"]
[BlackElo "2277"]
[Result "1-0"]
[Round "01"]
[TimeControl "180+2"]
[Date "2023.01.31"]
[WhiteClock "0:00:12"]
[BlackClock "0:00:09"]

1. e4 e5 2. Nf3 Nc6 3. Bb5 Nf6 4. d3 d6 5. c3 a6 6. Ba4 b5 7. Bc2 Be7 8. Nbd2 O-O 9. Nf1 d5 10. Qe2 d4 11. Ng3 a5 12. O-O a4 13. Nh4 Bg4 14. f3 Be6 15. Nhf5 a3 16. Bb3 Bxb3 17. axb3 g6 18. Nxe7+ Qxe7 19. Bg5 dxc3 20. bxc3 b4 21. f4 bxc3 22. fxe5 Qc5+ 23. Kh1 Nd4 24. Qf2 Nd7 25. Be3 Qxe5 26. Bxd4 Qb5 27. Bxc3 Qxb3 28. Qd4 f6 29. Rfb1 Qc2 30. Rc1 Qa4 31. Bb4 Rf7 32. Rxa3 Qxa3 33. Bxa3 Rxa3 34. Qd5 Kg7 35. h3 Ne5 36. d4 Rd7 37. Qc5 Rxg3 38. dxe5 Rd2 39. Qe7+ Kh6 40. Rg1 f5 41. Qh4+ Kg7 42. Qxg3 1-0


[Site "https://www.chess.com"]

[Event "Titled Tuesday Blitz January 31 Late 2023"]
[White "Gutkin, Ilya"]
[Black "Musovic, Armin"]
[WhiteFideId "16203470"]
[BlackFideId "939935"]
[WhiteElo "2273"]
[BlackElo "2261"]
[Result "0-1"]
[Round "01"]
[TimeControl "180+2"]
[Date "2023.01.31"]
[WhiteClock "0:00:01"]
[BlackClock "0:00:17"]

1. Nf3 Nf6 2. g3 g6 3. b3 Bg7 4. Bb2 O-O 5. Bg2 d5 6. c4 c6 7. O-O Re8 8. Qc2 Na6 9. Nc3 Nb4 10. Qc1 d4 11. Na4 e5 12. a3 Na6 13. e3 Nh5 14. exd4 exd4 15. b4 Bf5 16. Re1 Qd7 17. Nc5 Nxc5 18. bxc5 h6 19. a4 a6 20. Ra3 g5 21. Qa1 g4 22. Rxe8+ Rxe8 23. Nxd4 Be4 24. Re3 Bxg2 25. Kxg2 Rd8 26. Nb3 Bxb2 27. Qxb2 f6 28. Qc2 Kg7 29. Qe4 Rf8 30. d4 Rf7 31. Qe6 Qxe6 32. Rxe6 Rd7 33. h3 Kf7 34. Re2 gxh3+ 35. Kxh3 Ng7 36. Re4 f5 37. Rf4 Kg6 38. Rh4 Ne6 39. Kg2 h5 40. Kf3 Ng5+ 41. Ke3 Ne6 42. Kd3 Ng5 43. Kc3 Ne4+ 44. Kd3 Nxf2+ 45. Ke3 Ne4 46. Rh1 Nxg3 47. Rg1 h4 48. Kf4 Kf6 49. Rg2 Re7 50. Kf3 Kg5 51. Rh2 f4 52. Nd2 Re3+ 53. Kf2 Kg4 0-1


[Site "https://www.chess.com"]

[Event "Titled Tuesday Blitz January 31 Late 2023"]
[White "Slater-Jones, Henry"]
[Black "Iskusnyh, Sergei"]
[WhiteFideId "3222101"]
[BlackFideId "4120027"]
[WhiteElo "1826"]
[BlackElo "2440"]
[Result "0-1"]
[Round "01"]
[TimeControl "180+2"]
[Date "2023.01.31"]
[WhiteClock "0:00:13"]
[BlackClock "0:00:03"]

1. d4 d5 2. c4 c6 3. Nf3 Nf6 4. Qc2 dxc4 5. Qxc4 Bf5 6. g3 e6 7. Bg2 Nbd7 8. O-O Be7 9. Rd1 O-O 10. Nbd2 Rc8 11. Qb3 b5 12. Nh4 Bg4 13. Nhf3 a6 14. h3 Bh5 15. g4 Bg6 16. Ne5 Nxe5 17. dxe5 Nd7 18. Nf3 Qc7 19. Bf4 Nc5 20. Qe3 Na4 21. b3 Nb6 22. Bg5 Nd5 23. Qc1 c5 24. Bxe7 Qxe7 25. Qa3 Nc3 26. Re1 Qa7 27. Rac1 b4 28. Qb2 c4 29. a3 a5 30. Nd2 cxb3 31. Nxb3 Rfd8 32. axb4 axb4 33. Kh1 Qxf2 34. Rf1 Qg3 35. Rf3 Qxe5 36. Qc2 Bxc2 37. Rxc2 Ne4 38. Rxc8 Rxc8 39. Re3 Nf2+ 40. Kg1 Qxe3 0-1


[Site "https://www.chess.com"]

[Event "Titled Tuesday Blitz January 31 Late 2023"]
[White "Filgueira, Hernan"]
[Black "Good, Daniel"]
[WhiteFideId "101770"]
[BlackFideId "1302388"]
[WhiteElo "2283"]
[BlackElo "2141"]
[Result "1/2-1/2"]
[Round "01"]
[TimeControl "180+2"]
[Date "2023.01.31"]
[WhiteClock "0:01:12"]
[BlackClock "0:00:26"]

1. e4 c6 2. d4 d5 3. exd5 cxd5 4. c4 Nf6 5. Nc3 Nc6 6. Nf3 Bg4 7. cxd5 Nxd5 8. Qb3 Bxf3 9. gxf3 e6 10. Bb5 Bd6 11. Rg1 g6 12. Bg5 Qa5 13. Bd2 Nxc3 14. Bxc3 Qb6 15. d5 exd5 16. Bxh8 O-O-O 17. Bxc6 Qxc6 18. Bd4 Re8+ 19. Kf1 Qd7 20. Bxa7 Bxh2 21. Rc1+ Bc7 22. Bb6 Qh3+ 23. Rg2 Qh1+ 24. Rg1 Qh3+ 25. Rg2 Qh1+ 26. Rg1 Qh3+ 1/2-1/2


[Site "https://www.chess.com"]

[Event "Titled Tuesday Blitz January 31 Late 2023"]
[White "Pasti, Aron"]
[Black "Tomiello, Mateus Costamilan"]
[WhiteFideId "785857"]
[BlackFideId "22701958"]
[WhiteElo "2361"]
[BlackElo "2097"]
[Result "1-0"]
[Round "01"]
[TimeControl "180+2"]
[Date "2023.01.31"]
[WhiteClock "0:00:48"]
[BlackClock "0:00:09"]

1. e4 e5 2. Nf3 Nc6 3. Bb5 a6 4. Ba4 Nf6 5. O-O Be7 6. Re1 b5 7. Bb3 d6 8. c3 O-O 9. h3 Bb7 10. d4 Re8 11. Nbd2 Bf8 12. Bc2 g6 13. Nf1 Bg7 14. d5 Ne7 15. Bg5 c6 16. dxc6 Bxc6 17. Qd2 Qc7 18. a4 Rad8 19. axb5 axb5 20. N3h2 d5 21. Bxf6 Bxf6 22. Ng4 Bg7 23. Nh6+ Kf8 24. Qg5 d4 25. Bb3 Bxh6 26. Qxh6+ Kg8 27. Nh2 Bd7 28. Ng4 Bxg4 29. hxg4 Nc6 30. Bd5 Ne7 31. Bb3 Nc6 32. g3 Na5 33. Bd5 dxc3 34. bxc3 Qxc3 35. Kg2 Rxd5 36. exd5 Qb4 37. Rh1 Nb3 38. Qxh7+ Kf8 39. Qh8+ Ke7 40. Qxe5+ Kd7 41. Ra7+ 1-0


[Site "https://www.chess.com"]

[Event "Titled Tuesday Blitz January 31 Late 2023"]
[White "Yurovskykh, Oleksandr"]
[Black "ritanovikova"]
[WhiteFideId "14134020"]
[WhiteElo "2328"]
[BlackElo "2217"]
[Result "1-0"]
[Round "01"]
[TimeControl "180+2"]
[Date "2023.01.31"]
[WhiteClock "0:00:14"]
[BlackClock "0:00:20"]

1. d4 g6 2. c4 Bg7 3. e4 d6 4. Nc3 Nc6 5. d5 Nd4 6. Be3 c5 7. Nge2 Nxe2 8. Bxe2 Nf6 9. O-O O-O 10. Rb1 Ne8 11. f4 f5 12. exf5 Bxf5 13. Bd3 Qd7 14. Qc2 a6 15. a4 b6 16. b3 Nc7 17. Bxf5 Rxf5 18. Bd2 Raf8 19. Rbe1 R5f7 20. Ne4 h6 21. Ng3 Kh7 22. f5 gxf5 23. Nxf5 Kh8 24. Nxg7 Rxf1+ 25. Rxf1 Rxf1+ 26. Kxf1 Kxg7 27. Bc3+ Kf8 28. Qg6 e5 29. Bd2 Qf7+ 30. Qxf7+ Kxf7 31. Bxh6 b5 32. Bg5 bxa4 33. bxa4 a5 34. Bd8 Ne8 35. Bxa5 Nf6 36. Bc7 Ne4 37. Ke2 Nc3+ 38. Kd3 Nxa4 39. Bxd6 Kf6 40. h4 Nb2+ 41. Kc3 Nd1+ 42. Kd2 Nb2 43. Bxc5 Nxc4+ 44. Kd3 Nb2+ 45. Ke4 Na4 46. Bb4 Nb6 47. g4 Nd7 48. Bd6 Kg6 49. Bxe5 Nc5+ 50. Ke3 Nd7 51. Kd4 Kf7 52. h5 Nf8 53. g5 Nh7 54. g6+ Kg8 55. gxh7+ Kxh7 56. Bf4 Kg7 57. Bg5 Kh7 58. Ke5 Kg7 59. d6 Kh7 60. d7 Kg7 61. d8=Q Kh7 62. Qf6 Kg8 63. Qe7 Kh8 64. h6 1-0


[Site "https://www.chess.com"]

[Event "Titled Tuesday Blitz January 31 Late 2023"]
[White "SicilianPanzer"]
[Black "Martinez Reyes, Pedro Ramon"]
[BlackFideId "3901807"]
[WhiteElo "2198"]
[BlackElo "2376"]
[Result "0-1"]
[Round "01"]
[TimeControl "180+2"]
[Date "2023.01.31"]
[WhiteClock "0:00:35"]
[BlackClock "0:02:09"]

1. c4 e6 2. Nf3 d5 3. e3 Nf6 4. b3 Be7 5. Bb2 O-O 6. Nc3 b6 7. cxd5 exd5 8. Ne2 Bb7 9. Ng3 g6 10. d4 Nbd7 11. Be2 Bb4+ 12. Kf1 Re8 13. h3 Bd6 14. Qd3 a5 15. Rc1 a4 16. Ne5 axb3 17. axb3 Ra2 18. Nxd7 Qxd7 19. Qc3 Bxg3 20. fxg3 Ne4 21. Qxc7 Qxc7 22. Rxc7 Rxb2 0-1


[Site "https://www.chess.com"]